MID
HICKORY CRAWDADS @ BOWLING GREEN HOT RODS
08/02/2045
 
TOP OF THE 1ST
Hickory Crawdads batting - Pitching for Bowling Green Hot Rods : RHP Jason Cheek
Pitching: RHP Jason Cheek
Batting: RHB Luke Stark 0-0: Foul Ball, location: 2F
0-1: Ball
1-1: Ball
2-1: Foul Ball, location: 2F
2-2: Foul Ball, location: 2F
2-2: Fly out, F5 (Line Drive, 5, EV 77.5 MPH)
Batting: RHB Tom Beckman 0-0: Ball
1-0: Ball
2-0: Called Strike
2-1: Swinging Strike
2-2: Strikes out looking
Batting: LHB Manuel Arguello 0-0: Ball
1-0: Ball
2-0: Foul Ball, location: 2F
2-1: Fly out, F6 (Flyball, 56D, EV 81.9 MPH)
Top of the 1st over - 0 runs, 0 hits, 0 errors, 0 left on base; Hickory 0 - Bowling Green 0
BOTTOM OF THE 1ST
Bowling Green Hot Rods batting - Pitching for Hickory Crawdads : RHP Davion Jones
Pitching: RHP Davion Jones
Batting: RHB Jonathan Fraire 0-0: SINGLE (Line Drive, 7LS, EV 98.1 MPH)
Batting: LHB Mark Marvin 0-0: Ball
1-0: Fly out, F4 (Flyball, 4D, EV 85.6 MPH)
Batting: SHB Lou Kroneman 0-0: Called Strike
Jonathan Fraire steals 2nd base
0-1: Swinging Strike
0-2: Ball
1-2: Foul Ball, location: 2F
1-2: Ball
2-2: Ball
3-2: Base on Balls
Batting: RHB David Ward 0-0: Fly out, F8 (Flyball, 78M, EV 72.5 MPH)
Runner from 2nd tags up, SAFE at 3rd with throw by CF
Batting: RHB Freddy Mullen 0-0: Called Strike
0-1: Ground out 3-1 (Groundball, 34S, EV 80.0 MPH)
Bottom of the 1st over - 0 runs, 1 hit, 0 errors, 2 left on base; Hickory 0 - Bowling Green 0
TOP OF THE 2ND
Hickory Crawdads batting - Pitching for Bowling Green Hot Rods : RHP Jason Cheek
Batting: LHB Nick Foutz 0-0: SINGLE (Groundball, 34D, EV 98.8 MPH)
Batting: RHB Bernie Varela 0-0: Called Strike
0-1: Ball
1-1: Swinging Strike
1-2: Ball
2-2: Strikes out swinging
Batting: RHB Andy Sheridan 0-0: Ball
Nick Foutz is caught stealing 2nd base 2-4
1-0: Ball
2-0: Foul Ball, location: 2F
2-1: Fly out, F8 (Flyball, 78S, EV 87.5 MPH)
Top of the 2nd over - 0 runs, 1 hit, 0 errors, 0 left on base; Hickory 0 - Bowling Green 0
BOTTOM OF THE 2ND
Bowling Green Hot Rods batting - Pitching for Hickory Crawdads : RHP Davion Jones
Batting: SHB Julio Hernandez 0-0: SINGLE (Line Drive, 34D, EV 96.9 MPH)
Batting: LHB Dan Hunt 0-0: Called Strike
Julio Hernandez steals 2nd base
0-1: Ball
1-1: Called Strike
1-2: Ground out 6-3 (Groundball, 6, EV 83.8 MPH)
Julio Hernandez to third
Batting: LHB Jeremy Burton 0-0: Called Strike
0-1: Ball
1-1: Foul Ball, location: 2F
1-2: Ball
Wild Pitch!
Julio Hernandez scores
2-2: Ball
3-2: Strikes out swinging
Batting: RHB Chris Glavin 0-0: Foul Ball, location: 2F
0-1: Foul Ball, location: 2F
0-2: Foul Ball, location: 2F
0-2: Ball
1-2: Strikes out looking
Bottom of the 2nd over - 1 run, 1 hit, 0 errors, 0 left on base; Hickory 0 - Bowling Green 1
TOP OF THE 3RD
Hickory Crawdads batting - Pitching for Bowling Green Hot Rods : RHP Jason Cheek
Batting: RHB Adryão Anto 0-0: Called Strike
0-1: Foul Ball, location: 2F
0-2: Strikes out swinging
Batting: RHB Chris Powell 0-0: Swinging Strike
0-1: Ball
1-1: Ball
2-1: Called Strike
2-2: Ground out 5-3 (Groundball, 56S, EV 92.5 MPH)
Batting: RHB Dave Brabo 0-0: Ball
1-0: Called Strike
1-1: Foul Ball, location: 2F
1-2: Ball
2-2: Strikes out swinging
Top of the 3rd over - 0 runs, 0 hits, 0 errors, 0 left on base; Hickory 0 - Bowling Green 1
BOTTOM OF THE 3RD
Bowling Green Hot Rods batting - Pitching for Hickory Crawdads : RHP Davion Jones
Batting: RHB Jonathan Fraire 0-0: Foul Ball, location: 2F
0-1: Fly out, F8 (Flyball, 8LXD, EV 98.1 MPH)
Batting: LHB Mark Marvin 0-0: Ball
1-0: Ball
2-0: Ball
3-0: Called Strike
3-1: Ground out 4-3 (Groundball, 4, EV 100.6 MPH)
Pitching: RHP Cássio Blemarcick
Batting: SHB Lou Kroneman 0-0: Ball
1-0: Swinging Strike
1-1: Ball
2-1: Ball
3-1: Foul Ball, location: 2F
3-2: Base on Balls
Batting: RHB David Ward 0-0: Foul Ball, location: 2F
0-1: Called Strike
0-2: Strikes out swinging
Bottom of the 3rd over - 0 runs, 0 hits, 0 errors, 1 left on base; Hickory 0 - Bowling Green 1
TOP OF THE 4TH
Hickory Crawdads batting - Pitching for Bowling Green Hot Rods : RHP Jason Cheek
Batting: RHB Luke Stark 0-0: Swinging Strike
0-1: Called Strike
0-2: Ball
1-2: Reaches on Catchers interference
Batting: RHB Tom Beckman 0-0: Called Strike
0-1: DOUBLE (Line Drive, 9LM, EV 105.6 MPH)
Luke Stark to third
Batting: LHB Manuel Arguello 0-0: Called Strike
0-1: Foul Ball, location: 2F
0-2: Ball
1-2: Foul Ball, location: 2F
1-2: Ball
2-2: Foul Ball, location: 2F
2-2: Fly out, F8 (Flyball, 8LM, EV 90.6 MPH)
Runner from 3rd tags up, SCORES, throw by CF
Batting: LHB Nick Foutz 0-0: Called Strike
0-1: Called Strike
0-2: Ball
1-2: Ground out U3 (Groundball, 3, EV 103.8 MPH)
Tom Beckman to third
Batting: RHB Bernie Varela 0-0: Ball
1-0: Ground out U3 (Groundball, 13, EV 89.4 MPH)
Top of the 4th over - 1 run, 1 hit, 1 error, 1 left on base; Hickory 1 - Bowling Green 1
BOTTOM OF THE 4TH
Bowling Green Hot Rods batting - Pitching for Hickory Crawdads : RHP Cássio Blemarcick
Batting: RHB Freddy Mullen 0-0: Called Strike
0-1: Ball
1-1: Called Strike
1-2: Foul Ball, location: 2F
1-2: SINGLE (Line Drive, 4MD, EV 104.4 MPH)
Batting: SHB Julio Hernandez 0-0: Foul Ball, location: 2F
0-1: Fielders Choice at 2nd, 5-4 (Groundball, 6, EV 83.8 MPH)
Batting: LHB Dan Hunt 0-0: Called Strike
Julio Hernandez steals 2nd base
0-1: Ball
1-1: Ball
2-1: Ball
3-1: SINGLE (Groundball, 4MS, EV 70.6 MPH) (infield hit)
Julio Hernandez to third
Batting: LHB Jeremy Burton 0-0: Ball
1-0: Ball
Dan Hunt steals 2nd base
2-0: Ball
3-0: Foul Ball, location: 2F
3-1: Ground out 5-3 (Groundball, 56, EV 86.2 MPH)
Julio Hernandez scores
Batting: RHB Chris Glavin 0-0: Ground out 5-3 (Groundball, 56, EV 80.0 MPH)
Bottom of the 4th over - 1 run, 2 hits, 0 errors, 1 left on base; Hickory 1 - Bowling Green 2
TOP OF THE 5TH
Hickory Crawdads batting - Pitching for Bowling Green Hot Rods : RHP Jason Cheek
Batting: RHB Andy Sheridan 0-0: Ball
1-0: Ball
2-0: Called Strike
2-1: Foul Ball, location: 2F
2-2: Ball
3-2: Base on Balls
Batting: RHB Adryão Anto 0-0: Foul Ball, location: 2F
0-1: Ball
1-1: Foul Ball, location: 2F
1-2: Foul Ball, location: 2F
1-2: Ball
2-2: Ball
3-2: Ground out 5-3 (Groundball, 56S, EV 69.4 MPH)
Andy Sheridan to second
Batting: RHB Chris Powell 0-0: Called Strike
0-1: Ball
1-1: Ball
2-1: Ball
3-1: Base on Balls
Batting: RHB Dave Brabo 0-0: Ball
1-0: Fielders Choice at 2nd, 6-4 (Groundball, 6MD, EV 104.4 MPH)
Andy Sheridan to third
Batting: RHB Luke Stark 0-0: Ball
1-0: SINGLE (Groundball, 6MS, EV 70.6 MPH) (infield hit)
Andy Sheridan scores
Dave Brabo to second
Batting: RHB Tom Beckman 0-0: Ball
1-0: Called Strike
1-1: Called Strike
1-2: Strikes out swinging
Top of the 5th over - 1 run, 1 hit, 0 errors, 2 left on base; Hickory 2 - Bowling Green 2
BOTTOM OF THE 5TH
Bowling Green Hot Rods batting - Pitching for Hickory Crawdads : RHP Cássio Blemarcick
Batting: RHB Jonathan Fraire 0-0: Ball
1-0: Ball
2-0: Ball
3-0: Base on Balls
Batting: LHB Mark Marvin 0-0: Ball
Wild Pitch!
Jonathan Fraire to second
1-0: Called Strike
1-1: Ball
2-1: Swinging Strike
2-2: Strikes out looking
Batting: SHB Lou Kroneman 0-0: Ball
1-0: Fly out, F7 (Flyball, 7LD, EV 90.6 MPH)
Runner from 2nd tags up, SAFE at 3rd, no throw by LF
Batting: RHB David Ward 0-0: Ball
1-0: Foul Ball, location: 2F
1-1: Fly out, F9 (Flyball, 9D, EV 88.8 MPH)
Bottom of the 5th over - 0 runs, 0 hits, 0 errors, 1 left on base; Hickory 2 - Bowling Green 2
TOP OF THE 6TH
Hickory Crawdads batting - Pitching for Bowling Green Hot Rods : RHP Jason Cheek
Batting: LHB Manuel Arguello 0-0: Called Strike
0-1: Ball
1-1: Ball
2-1: Foul Ball, location: 2F
2-2: Strikes out swinging
Batting: LHB Nick Foutz 0-0: Called Strike
0-1: Swinging Strike
0-2: Strikes out looking
Batting: RHB Bernie Varela 0-0: Foul Ball, location: 2F
0-1: Foul Ball, location: 2F
0-2: Fly out, F7 (Flyball, 7S, EV 81.9 MPH)
Top of the 6th over - 0 runs, 0 hits, 0 errors, 0 left on base; Hickory 2 - Bowling Green 2
BOTTOM OF THE 6TH
Bowling Green Hot Rods batting - Pitching for Hickory Crawdads : RHP Cássio Blemarcick
Batting: RHB Freddy Mullen 0-0: Foul Ball, location: 2F
0-1: Swinging Strike
0-2: Ball
1-2: SINGLE (Groundball, 6MD, EV 101.9 MPH)
Batting: SHB Julio Hernandez 0-0: Ball
1-0: Foul Ball, location: 2F
1-1: TRIPLE (Flyball, 78XD, EV 103.1 MPH)
Freddy Mullen scores
Batting: LHB Dan Hunt 0-0: Called Strike
0-1: Foul Ball, location: 2F
0-2: Ball
1-2: Strikes out swinging
Batting: LHB Jeremy Burton 0-0: SINGLE (Groundball, 4M, EV 83.1 MPH) (infield hit)
Julio Hernandez scores
Batting: RHB Chris Glavin 0-0: Ball
1-0: Ball
2-0: Ball
Jeremy Burton steals 2nd base
3-0: Called Strike
3-1: Foul Ball, location: 2F
3-2: Strikes out swinging
Batting: RHB Jonathan Fraire 0-0: Called Strike
0-1: Foul Ball, location: 2F
0-2: Ball
1-2: Ball
2-2: Foul Ball, location: 2F
2-2: SINGLE (Line Drive, 9S, EV 101.2 MPH)
Jeremy Burton to third
Runner from 3rd tries for Home, SAFE, throw by RF to home
Pitching: RHP Morton Gimsing
Batting: LHB Mark Marvin 0-0: Ball
Jonathan Fraire steals 2nd base
1-0: Called Strike
1-1: Swinging Strike
1-2: Ball
2-2: Foul Ball, location: 2F
2-2: Strikes out swinging
Bottom of the 6th over - 3 runs, 4 hits, 0 errors, 1 left on base; Hickory 2 - Bowling Green 5
TOP OF THE 7TH
Hickory Crawdads batting - Pitching for Bowling Green Hot Rods : RHP Jason Cheek
Batting: RHB Andy Sheridan 0-0: Called Strike
0-1: Ball
1-1: SINGLE (Line Drive, 89S, EV 103.8 MPH)
Batting: RHB Adryão Anto 0-0: Called Strike
0-1: Ball
1-1: Foul Ball, location: 2F
1-2: Foul Ball, location: 2F
1-2: Ball
2-2: Ball
3-2: Strikes out swinging
Pitching: LHP Bennett Mele
Batting: RHB Chris Powell 0-0: Called Strike
0-1: Called Strike
0-2: Foul Ball, location: 2F
0-2: Ball
1-2: Ball
2-2: Fly out, F9 (Flyball, 9S, EV 76.9 MPH)
Batting: RHB Dave Brabo 0-0: Called Strike
0-1: Ball
1-1: Ball
2-1: Fly out, F7 (Flyball, 7, EV 78.8 MPH)
Top of the 7th over - 0 runs, 1 hit, 0 errors, 1 left on base; Hickory 2 - Bowling Green 5
BOTTOM OF THE 7TH
Bowling Green Hot Rods batting - Pitching for Hickory Crawdads : RHP Morton Gimsing
Batting: SHB Lou Kroneman 0-0: Ball
1-0: Called Strike
1-1: Ball
2-1: Ball
3-1: Ground out 5-3 (Groundball, 56, EV 86.2 MPH)
Batting: RHB David Ward 0-0: Swinging Strike
0-1: Ball
1-1: Called Strike
1-2: Strikes out looking
Batting: RHB Freddy Mullen 0-0: Called Strike
0-1: Ground out 6-3 (Groundball, 6, EV 83.1 MPH)
Bottom of the 7th over - 0 runs, 0 hits, 0 errors, 0 left on base; Hickory 2 - Bowling Green 5
TOP OF THE 8TH
Hickory Crawdads batting - Pitching for Bowling Green Hot Rods : LHP Bennett Mele
Pitching: LHP Brian Kelly
Batting: RHB Luke Stark 0-0: Ball
1-0: Ball
2-0: Foul Ball, location: 2F
2-1: Called Strike
2-2: Ball
3-2: Fly out, F8 (Flyball, 8RS, EV 98.8 MPH)
Batting: RHB Tom Beckman 0-0: Called Strike
0-1: Swinging Strike
0-2: Strikes out swinging
Pinch Hitting: RHB Josh Ferguson 0-0: Ball
1-0: Swinging Strike
1-1: Fly out, F9 (Flyball, 89S, EV 76.2 MPH)
Top of the 8th over - 0 runs, 0 hits, 0 errors, 0 left on base; Hickory 2 - Bowling Green 5
BOTTOM OF THE 8TH
Bowling Green Hot Rods batting - Pitching for Hickory Crawdads : RHP Morton Gimsing
Now in RF: Josh Ferguson
Batting: SHB Julio Hernandez 0-0: Ball
1-0: Ball
2-0: Ball
3-0: Called Strike
3-1: Called Strike
3-2: Strikes out swinging
Batting: LHB Dan Hunt 0-0: Ball
1-0: Foul Ball, location: 2F
1-1: Foul Ball, location: 2F
1-2: Ground out 4-3 (Groundball, 4D, EV 103.8 MPH)
Batting: LHB Jeremy Burton 0-0: Called Strike
0-1: SINGLE (Groundball, P, EV 79.4 MPH) (infield hit)
Batting: RHB Chris Glavin 0-0: Ball
1-0: Swinging Strike
1-1: Ball
2-1: Ball
3-1: SINGLE (Flyball, 3D, EV 100.6 MPH)
Jeremy Burton to second
Runner from 2nd tries for 3rd, SAFE, throw by RF made to third
Batting: RHB Jonathan Fraire 0-0: Ball
1-0: Called Strike
1-1: Ball
2-1: SINGLE (Groundball, 6MD, EV 103.8 MPH)
Jeremy Burton scores
Chris Glavin to second
Batting: LHB Mark Marvin 0-0: Ball
1-0: Ball
2-0: Fly out, F6 (Flyball, 6D, EV 89.4 MPH)
Bottom of the 8th over - 1 run, 3 hits, 0 errors, 2 left on base; Hickory 2 - Bowling Green 6
TOP OF THE 9TH
Hickory Crawdads batting - Pitching for Bowling Green Hot Rods : LHP Brian Kelly
Batting: LHB Nick Foutz 0-0: Called Strike
0-1: Ball
1-1: Foul Ball, location: 2F
1-2: Foul Ball, location: 2F
1-2: Ball
2-2: Fly out, F7 (Flyball, 7, EV 96.9 MPH)
Batting: RHB Bernie Varela 0-0: Ball
1-0: Ground out 6-3 (Groundball, 6, EV 80.0 MPH)
Batting: RHB Andy Sheridan 0-0: Ball
1-0: Called Strike
1-1: Foul Ball, location: 2F
1-2: Foul Ball, location: 2F
1-2: Hit by Pitch
Batting: RHB Adryão Anto 0-0: Foul Ball, location: 2F
0-1: Ball
1-1: Called Strike
1-2: Fly out, F9 (Flyball, 9S, EV 76.9 MPH)
Top of the 9th over - 0 runs, 0 hits, 0 errors, 1 left on base; Hickory 2 - Bowling Green 6
Wednesday, June 22nd , 2022 - OOTP Baseball 23.4 Build 64